 Dungeon Crawl Stone Soup version 0.28.0-1-gb440e238dd (webtiles) character file.

Game seed: 6129570818727032708

284 Jerry the Chucker (level 6, 0/59 HPs)
             Began as a Troll Hunter on Feb 24, 2022.
             Slain by a jelly (3 damage)
             ... on level 3 of the Dungeon.
             The game lasted 00:08:47 (3377 turns).

Jerry the Chucker (Troll Hunter)                    Turns: 3377, Time: 00:08:48

Health: 0/59       AC: -8    Str: 23    XL:     6   Next: 7%
Magic:  5/5        EV: 10    Int:  7    God:
Gold:   174        SH:  0    Dex: 10    Spells: 5/5 levels left

rFire   . . .      SeeInvis .   e - +1 whip
rCold   . . .      Faith    .   (no shield)
rNeg    . . .      Spirit   .   b - +0 robe
rPois   .          Reflect  .   (helmet restricted)
rElec   .          Harm     .   (no cloak)
rCorr   .          Rampage  .   (gloves unavailable)
Will    .....                   (boots unavailable)
Stlth   +.........              (no amulet)
HPRegen 0.99/turn               (no ring)
MPRegen 0.09/turn               (no ring)

@: corroded
A: large, unfitting armour, claws 3, regeneration 1, shaggy fur 1, tough skin 1
a: no special abilities


You were on level 3 of the Dungeon.
You visited 1 branch of the dungeon, and saw 4 of its levels.

You collected 174 gold pieces.

Inventory:

Hand Weapons
 a - a +0 short sword
 e - a +1 whip (weapon)
Missiles
 c - 5 large rocks (quivered)
 d - 2 throwing nets
Armour
 b - a +0 robe (worn)
 p - a +0 kite shield
Jewellery
 l - a ring of protection from cold
Scrolls
 f - a scroll of fear {unknown}
 i - 2 scrolls of amnesia {unknown}
 j - a scroll of identify
 o - a scroll of enchant weapon
Potions
 g - 2 potions of haste
 h - a potion of might {unknown}
 k - 3 potions of curing {unknown}
 m - a potion of attraction {unknown}
 n - a potion of ambrosia {unknown}


   Skills:
 - Level 2.7 Fighting
 + Level 2.4 Maces & Flails
 + Level 4.5 Throwing
 + Level 3.0 Dodging
 - Level 0.3 Stealth
 + Level 0.7 Shields


You had 5 spell levels left.
You didn't know any spells.
Your spell library contained the following spells:

 Spells                   Type           Power      Damage    Failure   Level
 Sublimation of Blood     Necr           0%         N/A       56%         2
 Wereblood                Tmut           0%         N/A       56%         2
 Call Canine Familiar     Summ           0%         N/A       80%         3
 Dazzling Flash           Conj/Hex       0%         N/A       80%         3
 Portal Projectile        Hex/Tloc       0%         N/A       80%         3
 Iskenderun's Mystic Bla  Conj/Tloc      0%         2d3       99%         4
 Leda's Liquefaction      Hex/Erth       0%         N/A       99%         4
 Starburst                Conj/Fire      0%         6d3       100%        6
 Summon Hydra             Summ           0%         N/A       100%        7


Dungeon Overview and Level Annotations

Branches:
Dungeon (4/15)
 Temple: D:4-7

Altars:

Annotations:
D:2 1 runed translucent door, Crazy Yiuf
D:3 2 transporters, destino's ghost, amateur PaBe
D:4 Eustachio


Innate Abilities, Weirdness & Mutations

You are too large for most types of armour.
You have claws for hands.
Your natural rate of healing is unusually fast.
You are covered in fur. (AC +1)
You have tough skin. (AC +1)


Message History

The quokka closely misses you. The jelly barely misses you.
Eustachio casts a spell.
Eustachio blinks!
There is an escape hatch in the ceiling, spattered with blood here.
The quokka bites you. The jelly hits you but does no damage.
A mysterious force pulls you upwards. The hatch slams shut behind you.
Level annotation: 2 transporters, destino's ghost, amateur PaBe You barely miss the jelly.
The endoplasm quivers.
The jelly hits you but does no damage.
You completely miss the jelly.
The endoplasm quivers.
The jelly barely misses you.
You hit the jelly.
Your claws burn!
The jelly is lightly wounded.
The jelly hits you.
You are splashed with acid.
You whack the jelly!
Your claws burn!
The jelly is heavily wounded.
The jelly closely misses you.
You hit the jelly.
Your claws burn!
The jelly is severely wounded.
The jelly hits you.
You are splashed with acid!
You hit the jelly. The acid corrodes you!
Your claws burn!
The jelly is severely wounded.
The endoplasm jiggles.
The jelly hits you. The acid corrodes you!
You are splashed with acid!
You completely miss the jelly.
The jelly is severely wounded.
The jelly hits you. The acid corrodes you!
You are splashed with acid!
You hit the jelly.
Your claws burn!
* * * LOW HITPOINT WARNING * * *
The jelly is severely wounded.
The jelly hits you.
* * * LOW HITPOINT WARNING * * *
The acid corrodes you!
You are splashed with acid!
* * * LOW HITPOINT WARNING * * *
You barely miss the jelly.
The jelly is severely wounded.
The jelly hits you.
You die...

..### #.#####.#..©#.?..©...)#©
..# #...........#J.......)#. ..#
########.#..#J.#...#..#.
..########## #.#..#8r.#.#..8#.
.....).....# #....##W.w....##.
...........#######....#########..
##...............................
########........................
#.......@...#.###########
#......J....#.#######
#...........#.......#
###########.#.......# #.........#
##........##### #.>......'..).
###......##### #......#


You could see a jelly, destino's ghost, 2 endoplasms and a quokka.

Vanquished Creatures
  Blork the orc (D:4)
  3 orc wizards (D:3)
  6 adders
  An ufetubus (D:3)
  2 worms (D:2)
  5 dart slugs
  7 orcs
  6 endoplasms
  A giant cockroach (D:3)
  4 goblins
  8 hobgoblins
  2 jackals (D:3)
  7 kobolds
  A quokka (D:4)
  3 ball pythons
  8 bats
  3 frilled lizards
  6 rats
74 creatures vanquished.

Notes
Turn   | Place    | Note
-------+----------+-------------------------------------------
     0 | D:1      | Jerry the Troll Hunter began the quest for the Orb.
     0 | D:1      | Reached XP level 1. HP: 19/19 MP: 0/0
   358 | D:1      | Found a faded altar of an unknown god.
   485 | D:1      | Reached XP level 2. HP: 28/28 MP: 1/1
  1002 | D:2      | Found a runed translucent door.
  1003 | D:2      | Noticed Crazy Yiuf
  1218 | D:2      | Reached XP level 3. HP: 28/35 MP: 2/2
  1298 | D:2      | Reached skill level 1 in Maces & Flails
  1338 | D:2      | Reached skill level 4 in Throwing
  1398 | D:2      | Reached XP level 4. HP: 42/42 MP: 3/3
  2046 | D:3      | HP: 2/44 [orc (3)]
  2099 | D:3      | Found a transporter.
  2099 | D:3      | Noticed destino's ghost (amateur PaBe)
  2167 | D:3      | Reached XP level 5. HP: 48/50 MP: 4/4
  2278 | D:3      | Found a transporter.
  3118 | D:4      | Noticed Blork the orc
  3123 | D:4      | Killed Blork the orc
  3164 | D:4      | Reached XP level 6. HP: 59/59 MP: 5/5
  3338 | D:4      | Noticed Eustachio
  3376 | D:3      | HP: 2/59 [acid (11)]
  3377 | D:3      | Slain by a jelly

Illustrated notes

Levels and vault maps discovered:
D:1:      minmay_arrival_doors, layout_basic, shapermc_ecumenical_altar_venn,
          serial_park_tiny_2, minmay_hedge_maze
D:2:      layout_loops_corners, uniq_crazy_yiuf_cottage
D:3:      layout_basic, gammafunk_ghost_arena, minmay_tree_intersection
D:4:      layout_basic, uniq_eustachio, uniq_blork_the_orc

Skill      XL: |  1  2  3  4  5  6 |
---------------+-------------------+-----
Fighting       | 2 |  2.7
Dodging        | 2 3 |  3.0
Maces & Flails | 1 2 |  2.4
Throwing       | 4 |  4.5
Stealth        | |  0.3
Shields        | |  0.7

Action                   |  1- 3 |  4- 6 || total
-------------------------+-------+-------++-------
Melee: Short sword       |    11 |       ||    11
       Whip              |   116 |   227 ||   343
       Punch             |     3 |     6 ||     9
Throw: Large rock        |       |     4 ||     4
  Use: Scroll            |       |     5 ||     5
 Stab: Sleeping          |     1 |     2 ||     3
Armor: Robe              |    37 |   119 ||   156
Dodge: Dodged            |    76 |   148 ||   224
